AoeStats
← miscussi

Arabia

509204239Analyzed
1v1 RM · 7d ago on Sep 25, 2026· 57m 20s· 2 players
Game mode
Random Map
Map size
Tiny (2 player)
Population
200
Speed
Normal
Resources
Standard
Victory
Conquest
Starting age
Dark Age
Ending age
Imperial Age
RankedLock teamsTeams togetherTeam positionsShared explorationLock speedFull tech treeHidden civsTurbo modeCheats
Victory
Defeat
🇨🇱 Muisca · Chile
909
+16
🇦🇷 Persians · Argentina
908
-16
miscussi
2:08 Loom
9:55 Feudal Age
10:39 Double-Bit Axe
15:24 Horse Collar
20:29 Castle Age
20:30 Bloodlines
20:28 Scale Barding Armor
24:09 Chain Barding Armor
27:32 Forging
30:02 Iron Casting
30:50 Bow Saw
31:17 Wheelbarrow
31:15 Husbandry
36:05 Imperial Age
35:29 Town Watch
37:51 Cavalier
39:50 Blast Furnace
38:41 Fletching
39:37 Masonry
39:48 Ballistics
40:00 Gold Mining
46:34 Chemistry
46:06 Architecture
49:49 Murder Holes
50:16 Savar
53:45 Plate Barding Armor
53:56 Hand Cart
54:38 Conscription
lerbismancillag
0:28 Loom
11:08 Feudal Age
13:41 Forging
13:32 Scale Mail Armor
13:15 Champi Runner
16:13 Wheelbarrow
15:53 Horse Collar
16:20 Double-Bit Axe
21:14 Castle Age
20:08 Gold Mining
21:34 Champi Warrior
25:40 Fletching
26:16 Squires
30:48 Gold Shaft Mining
30:17 Heavy Plow
31:17 Bow Saw
31:20 Padded Archer Armor
31:38 Town Watch
33:58 Stone Mining
35:24 Hand Cart
39:15 Imperial Age
40:49 Iron Casting
40:29 Chain Mail Armor
42:16 Chemistry
42:42 Crop Rotation
43:00 Bodkin Arrow
43:36 Plate Mail Armor
43:21 Leather Archer Armor
51:16 Bracer
50:38 Elite Temple Guard
Connection lost

Rejoining the realm…

Still unreachable

The connection could not be restored.

Session expired

The server has moved on; the page needs a fresh start.